 Dungeon Crawl Stone Soup version 0.25-a0-577-ga4619f409e (webtiles) character file.

Game seed: 8759422574672082292, levelgen mode: deterministic

455 Gargoyl the Skirmisher (level 6, -10/52 HPs)
             Began as a Centaur Abyssal Knight on Mar 2, 2020.
             Was a Priest of Lugonu.
             Mangled by an ogre
             ... wielding a +0 giant club
              (15 damage)
             ... on level 4 of the Dungeon.
             The game lasted 00:05:11 (4270 turns).

Gargoyl the Skirmisher (Centaur Abyssal Knight)     Turns: 4270, Time: 00:05:12

Health: -10/52     AC: 11    Str: 15    XL:     6   Next: 76%
Magic:  4/8        EV:  2    Int: 11    God:    Lugonu [***...]
Gold:   214        SH:  3    Dex: 10    Spells: 5/5 levels left

rFire    . . .     SeeInvis .   a - +2 hand axe
rCold    . . .     Gourm    .   n - +0 buckler
rNeg     . . .     Faith    .   m - +0 plate armour
rPois    .         Spirit   .   q - +0 helmet
rElec    .         Reflect  .   (no cloak)
rCorr    .         Harm     .   d - +0 pair of gloves
MR       .....                  (no barding)
Stlth    ..........             (no amulet)
HPRegen  0.17/turn              (no ring)
MPRegen  0.11/turn              (no ring)

@: very quick
A: large, hooves 3, deformed body, speed 2, tough skin 3
a: Depart the Abyss, Bend Space, Banish, Renounce Religion


You were on level 4 of the Dungeon.
You worshipped Lugonu.
Lugonu was most pleased with you.
You were not hungry.

You visited 1 branch of the dungeon, and saw 4 of its levels.
You visited the Abyss 1 time.

You collected 214 gold pieces.

Inventory:

Hand Weapons
 a - a +2 hand axe (weapon)
Missiles
 j - 7 boomerangs (quivered)
Armour
 d - a +0 pair of gloves (worn)
 m - a +0 plate armour (worn)
 n - a +0 buckler (worn)
 q - a +0 helmet (worn)
Scrolls
 l - a scroll of remove curse
Potions
 b - 2 potions of lignification
 e - a potion of berserk rage {unknown}
 f - a potion of heal wounds {unknown}
 h - a potion of might {unknown}
 i - 3 potions of curing {unknown}
 k - a potion of haste {unknown}
 p - a potion of degeneration {unknown}
Comestibles
 c - 3 rations
 g - 3 chunks of flesh


   Skills:
 + Level 3.9 Fighting
 + Level 3.5 Axes
 * Level 3.0 Armour
 * Level 2.3 Dodging
 * Level 3.5 Invocations


You had 5 spell levels left.
You didn't know any spells.
Your spell library was empty.

Dungeon Overview and Level Annotations

Branches:
Dungeon (4/15)
 Temple: D:4-7

Altars:
Makhleb
Xom


Innate Abilities, Weirdness & Mutations

You have hooves in place of feet.
Armour fits poorly on your strangely shaped body.
You cover ground very quickly.
You have extremely tough skin. (AC +3)


Message History

You slash the ogre! You kick the ogre.
The ogre is moderately wounded.
The ogre hits you with a +0 giant club!
You hit the ogre.
The ogre is heavily wounded.
The ogre hits you with a +0 giant club!
* * * LOW HITPOINT WARNING * * *
You hit the ogre.
The ogre is heavily wounded.
The ogre hits you with a +0 giant club!
* * * LOW HITPOINT WARNING * * *
Okay, then.
Press: ? - help, Shift-Dir - straight line, f - ogre
Aim: an ogre, wielding a +0 giant club (heavily wounded, chance to defeat MR: 82%)
The ogre barely resists.
You feel somewhat more hungry. The ogre hits you but does no damage.
Press: ? - help, Shift-Dir - straight line, f/p - ogre
Aim: an ogre, wielding a +0 giant club (heavily wounded, chance to defeat MR: 82%)
You fail to use your ability.
The ogre hits you with a +0 giant club!
You die...

#######....#.. ........#.##.#
........#.##.#######
.......<...........# ## # #>.#.
........#...##.###.# ...# #....
........#.#.##.# #.# .#O# #....
#.#####.#.#.##.# #.# ... .....
#.# #.#.#.##.###.###.# #.#.. #)#
#...#.##.#@O.....# #.#.. #)#
###.#.##.###.##########.#.. #.#
#......................)##. #.#
#......(.#.............รท...
#.#####.....####...........#####.
..).........# #...........# #..
#.#####.....# ##...........####.#
............# #.....#####........
...#..#.....# #.##.######...###.#


You could see an ogre.

Vanquished Creatures
  Sigmund (D:3)
  Jessica (D:3)
  An orc wizard (D:4)
  A worker ant (D:4)
  Robin (D:2)
  6 adders
  4 gnolls (D:4)
  2 oozes
  A worm (D:2)
  5 leopard geckos
  8 orcs
  6 ball pythons
  7 giant cockroaches
  14 goblins
  11 hobgoblins
  8 jackals (D:1)
  4 kobolds
  A quokka (D:3)
  6 bats
  2 frilled lizards (D:1)
  7 rats
97 creatures vanquished.

Notes
Turn   | Place    | Note
-------+----------+-------------------------------------------
     0 | Abyss:1  | Gargoyl the Centaur Abyssal Knight began the quest for the
                  | Orb.
     0 | Abyss:1  | Reached XP level 1. HP: 19/19 MP: 2/2
    97 | Abyss:1  | Noticed a large abomination
   112 | Abyss:1  | Noticed an apocalypse crab
   118 | Abyss:1  | Noticed a small abomination
   134 | Abyss:1  | Noticed an Executioner
   141 | D:1      | Escaped the Abyss
   261 | D:1      | Noticed a centaur
   261 | D:1      | Noticed a ghoul
   263 | D:1      | Noticed a dwarf
   263 | D:1      | Noticed a spriggan
   265 | D:1      | Noticed a naga
   265 | D:1      | Noticed an octopode
   267 | D:1      | Noticed an elf
   269 | D:1      | Noticed a vampire
   269 | D:1      | Noticed a troll
   271 | D:1      | Noticed a tengu
   271 | D:1      | Noticed a minotaur
   275 | D:1      | Noticed a demigod
   275 | D:1      | Noticed a gargoyle
   277 | D:1      | Noticed a felid
   277 | D:1      | Noticed an ogre
   279 | D:1      | Noticed a vine stalker
   279 | D:1      | Noticed a human
   281 | D:1      | Noticed a demonspawn
   281 | D:1      | Noticed a draconian
   283 | D:1      | Noticed a merfolk
   285 | D:1      | Noticed a halfling
   285 | D:1      | Noticed a formicid
   457 | D:1      | Reached XP level 2. HP: 26/26 MP: 3/3
   496 | D:1      | Reached * piety under Lugonu
   805 | D:1      | Reached skill level 1 in Dodging
   807 | D:1      | Reached XP level 3. HP: 30/31 MP: 4/4
  1539 | D:2      | Found a shimmering altar of Xom.
  1787 | D:2      | Found a burning altar of Makhleb.
  1841 | D:2      | Reached ** piety under Lugonu
  1894 | D:2      | Reached XP level 4. HP: 38/38 MP: 5/5
  2545 | D:2      | Noticed Robin
  2560 | D:2      | Killed Robin
  3034 | D:3      | Reached XP level 5. HP: 43/45 MP: 7/7
  3124 | D:3      | Noticed Sigmund
  3147 | D:3      | Killed Sigmund
  3147 | D:3      | Reached XP level 6. HP: 47/52 MP: 8/8
  3343 | D:3      | Noticed Jessica
  3348 | D:3      | Killed Jessica
  3413 | D:3      | Reached *** piety under Lugonu
  4270 | D:4      | Mangled by an ogre

Levels and vault maps discovered:
D:1:      kb_arrival_jail, layout_basic, minmay_door_square
D:2:      layout_basic, bloody_makhleb, serial_curves, eino_curves_01,
          eino_curves_04, eino_curves_01, lemuel_altar_in_water, uniq_robin
D:3:      layout_loops_ring, saegor_snake_ambush, uniq_jessica, uniq_sigmund
D:4:      layout_basic, first_ration, uniq_pikel

Skill      XL: |  1  2  3  4  5  6 |
---------------+-------------------+-----
Axes           | 2 3 |  3.5
Dodging        | 1 2 |  2.3
Armour         | 2 3 |  3.0
Invocations    | 3 |  3.5
Fighting       | |  3.9

Action                   |  1- 3 |  4- 6 || total
-------------------------+-------+-------++-------
Melee: Hand axe          |   114 |   150 ||   264
       Kick              |    18 |    23 ||    41
Throw: Boomerang         |       |     5 ||     5
Invok: Depart the Abyss  |     1 |       ||     1
       Banish            |       |     1 ||     1
  Use: Scroll            |     1 |     7 ||     8
       Potion            |       |     1 ||     1
  Eat: Chunk             |     1 |     8 ||     9
Armor: Leather armour    |    23 |       ||    23
       Robe              |    45 |     2 ||    47
       Plate armour      |       |   100 ||   100
       Skin              |       |     5 ||     5
Dodge: Dodged            |    67 |    17 ||    84

Table legend:
 A = Non-vault XP
 B = Vault XP
 C = Vault XP percentage of total XP
 D = Non-vault monster count
 E = Vault monster count
 F = Vault count percentage of total count
                 A         B        C        D         E       F
            +---------+---------+-------+---------+---------+-------
      Total |     348 |     303 |  46.5 |      80 |      17 |  17.5
            +---------+---------+-------+---------+---------+-------
        D:1 |      73 |       0 |   0.0 |      38 |       0 |   0.0
        D:2 |      45 |      35 |  43.8 |      11 |      12 |  52.2
        D:3 |      61 |     268 |  81.5 |      17 |       5 |  22.7
        D:4 |     169 |       0 |   0.0 |      14 |       0 |   0.0
            +---------+---------+-------+---------+---------+-------
